 Dungeon Crawl Stone Soup version 0.32-a0-876-gcfddb08e57 (webtiles) character file.

Game seed: 16999906169447702411

3284 funkygono the Thaumaturge (level 9, -4/46 HPs)
             Began as a Deep Elf Fire Elementalist on Apr 1, 2024.
             Was a Follower of Sif Muna.
             Slain by a wyvern (12 damage)
             ... on level 8 of the Dungeon.
             The game lasted 00:15:49 (7596 turns).

funkygono the Thaumaturge (DEFE)                    Turns: 7596, Time: 00:15:50

Health: -4/46      AC:  8    Str:  7    XL:     9   Next: 69%
Magic:  1/26       EV: 12    Int: 25    God:    Sif Muna [*.....]
Gold:   518        SH:  0    Dex: 15    Spells: 23/31 levels left

rFire   x . .        l - +12 dagger of Heuv {pain, Will+ Str+2}
rCold   . . .        (no shield)
rNeg    . . .        y - +2 robe of Miracles {rF- Slay+4 SInv Stlth+}
rPois   .            E - +0 helmet
rElec   .            F - +0 cloak
rCorr   +            K - +0 pair of gloves
SInv    +            H - +0 pair of boots
Will    +....        m - amulet of regeneration
Stlth   ++++         p - ring of wizardry
HPRegen 1.07/turn    g - ring of resist corrosion
MPRegen 0.20/turn

%: wizardry (x1)
@: no status effects
A: no striking features
a: Renounce Religion, Channel Magic


You were on level 8 of the Dungeon.
You worshipped Sif Muna.
Sif Muna was aware of your devotion.
You visited 2 branches of the dungeon, and saw 9 of its levels.

You collected 518 gold pieces.

Inventory:

Hand Weapons
 c - a +0 short sword
 h - a +3 dagger of speed
 l - the +12 dagger of Heuv (weapon) {pain, Will+ Str+2}
   (You found it on level 2 of the Dungeon)

   Str+2:     It affects your strength (+2).
   Will+:     It increases your willpower.
Missiles
 s - a throwing net
Armour
 a - a +0 robe
 e - a scarf of resistance
 i - the +5 ring mail of Goaloh {Harm Fly rPois Str-3}
   (You found it on level 2 of the Dungeon)

   Str-3:     It affects your strength (-3).
   rPois:     It protects you from poison.
   Fly:       It grants you flight.
   Harm:      It increases damage dealt and taken.
 k - a +3 leather armour
 u - a +1 hat
 y - the +2 robe of Miracles (worn) {rF- Slay+4 SInv Stlth+}
   (You found it on level 3 of the Dungeon)

   Slay+4:    It affects your accuracy & damage with ranged weapons and melee
   (+4).
   rF-:       It makes you vulnerable to fire.
   SInv:      It lets you see invisible.
   Stlth+:    It makes you more stealthy.
 E - a +0 helmet (worn)
 F - a +0 cloak (worn)
 H - a +0 pair of boots (worn)
 K - a +0 pair of gloves (worn)
 M - a +2 robe of willpower
Magical Staves
 C - a staff of conjuration
Jewellery
 g - a ring of resist corrosion (right hand)
 m - an amulet of regeneration (around neck)
 n - an amulet of reflection
 p - a ring of wizardry (left hand)
 v - an amulet of faith
 B - a ring of protection from cold
 D - a ring of positive energy
Wands
 G - a wand of paralysis (13)
 L - a wand of flame (47)
 O - a wand of iceblast (11)
Scrolls
 r - 7 scrolls of teleportation
 w - 4 scrolls of poison
 z - a scroll of fog
 I - a scroll of vulnerability
 J - 2 scrolls of blinking
 N - a scroll of identify
 Q - a scroll of acquirement {unknown}
 R - a scroll of amnesia {unknown}
Potions
 b - a potion of magic
 d - 4 potions of might
 f - a potion of ambrosia
 j - 2 potions of haste
 o - 2 potions of enlightenment
 q - 2 potions of heal wounds
 t - 4 potions of curing
 x - a potion of resistance {unknown}
 A - 3 potions of brilliance
 P - a potion of lignification {unknown}
 S - a potion of cancellation {unknown}


   Skills:
 + Level 0.8 Fighting
 + Level 0.7 Short Blades
 + Level 3.7 Dodging
 - Level 4.1 Stealth
 + Level 0.4 Shields
 + Level 11.5 Spellcasting
 + Level 5.6 Conjurations
 + Level 3.2 Necromancy
 + Level 9.2 Fire Magic
 + Level 1.3 Invocations


You had 23 spell levels left.
You knew the following spells:

 Your Spells              Type           Power      Damage    Failure   Level
a - Foxfire               Conj/Fire      100%       2x1d9     1%          1
b - Scorch                Fire           100%       2d9       1%          2
c - Flame Wave            Conj/Fire      51%        2d13      1%          4
d - Necrotise             Necr           100%       1d9       1%          1

Your spell library contained the following spells:

 Spells                   Type           Power      Damage    Failure   Level
 Apportation              Tloc           28%        N/A       1%          1
 Slow                     Hex            56%        N/A       1%          1
 Sting                    Conj/Alch      100%       1d9       1%          1
 Summon Small Mammal      Summ           56%        N/A       1%          1
 Fugue of the Fallen      Necr           30%        N/A       1%          3
 Inner Flame              Hex/Fire       37%        N/A       1%          3
 Vampiric Draining        Necr           30%        2d8       1%          3
 Volatile Blastmotes      Fire/Tloc      74%        2d16      1%          3
 Ensorcelled Hibernation  Hex/Ice        28%        N/A       2%          2
 Lesser Beckoning         Tloc           28%        N/A       2%          2
 Confusing Touch          Hex            14%        N/A       5%          3
 Passwall                 Erth           14%        N/A       5%          3
 Teleport Other           Tloc           14%        N/A       5%          3
 Anguish                  Hex/Necr       11%        N/A       9%          4
 Martyr's Knell           Necr/Summ      22%        N/A       9%          4
 Curse of Agony           Necr           30%        N/A       12%         5
 Animate Armour           Summ/Erth      28%        N/A       16%         4
 Maxwell's Portable Pile  Tloc           14%        2d(7-14)  16%         4
 Summon Lightning Spire   Summ/Air       14%        N/A       16%         4
 Vhi's Electric Charge    Tloc/Air       28%        N/A       16%         4
 Lee's Rapid Deconstruct  Erth           7%         3d6*      41%         5
 Bombard                  Conj/Erth      14%        9d3       58%         6


Dungeon Overview and Level Annotations

Branches:
Dungeon (8/15)             Temple (1/1) D:5
   Lair: D:8-11

Altars:
Ashenzari
Cheibriados
Dithmenos
Elyvilon
Fedhas
Kikubaaqudgha
Makhleb
Nemelex Xobeh
Okawaru
Qazlal
Ru
Sif Muna
Trog
Vehumet
Wu Jian
Xom
The Shining One

Shops:
D:1 (   D:3 =   D:5 :

Annotations:
D:8 Grum


Message History

The orc is almost dead.
You finish channelling waves of flame.
With Pikel's spell broken, his former minion thanks you for its freedom.
The lemure departs this earthly plane.
Your Fire Magic skill increases to level 9!
Casting: Flame Wave (dangerous; 1% risk of failure)
Confirm with . or Enter, or press ? or * to list all spells.
Casting: Flame Wave (dangerous; 1% risk of failure)
Press: ? - help, Dir - look around, f - activate A wave of flame ripples out! (Press . to intensify the flame waves.) Unknown command.
A wave of flame ripples out!
The flame wave engulfs the orc!
You kill the orc!
Sif Muna accepts your kill.
The flame wave engulfs the orc!
You kill the orc!
Sif Muna accepts your kill.
An orc wizard comes into view. It is wielding a +2 dagger of venom.
A wave of flame ripples out!
The flame wave engulfs the wyvern!
The wyvern is moderately wounded.
You finish channelling waves of flame.
The orc wizard mumbles some strange words.
The orc wizard flickers and vanishes for a moment.
Casting: Flame Wave (dangerous; 1% risk of failure)
Confirm with . or Enter, or press ? or * to list all spells.
Casting: Flame Wave (dangerous; 1% risk of failure)
Press: ? - help, Dir - look around, f - activate A wave of flame ripples out!
The flame wave engulfs the wyvern!
The wyvern is heavily wounded. (Press . to intensify the flame waves.)
The wyvern bites you!
Unknown command.
Without enough magic to sustain them, the waves of flame dissipate.
The wyvern bites you!
* * * LOW HITPOINT WARNING * * *
The wyvern closely misses you.
Unknown command.
The wyvern bites you!
You die...

#........# #........#
##########........#
#.................#
#.................#
.o.#########.................#
.5.)...).oo).................#
###...o.###...................
#####.# ##k@...............#
######.# ####.###..#####.###
#......##### #.# #.## #.###
#.....###.###.# #....
##.##.#...#...# #######.
#.##.......#####.# ## .
#..###.###..# #..# # .##
##...#.###..###..# # ..#
##.............## #


You could see a wyvern and 2 orcs.

Vanquished Creatures
  Pikel (D:8)
  Maurice (D:8)
  Psyche (D:8)
  Sigmund (D:6)
  A shadow (D:7)
  A steam dragon (D:8)
  3 water moccasins
  An orc warrior (D:8)
  An ogre (D:5)
  A phantom (D:4)
  2 centaurs
  A lemure (D:8)
  A kobold brigand (D:6)
  A scorpion (D:4)
  3 killer bees (D:7)
  A hound (D:6)
  2 orc priests
  A jelly (D:7)
  2 sleepcaps
  A gnoll bouda (D:8)
  Natasha (thrice) (D:2)
  3 iguanas
  3 orc wizards
  8 gnolls
  8 adders
  A shadow imp (D:8)
  3 white imps
  4 ufetubi (D:6)
  An adder skeleton (D:2)
  2 dart slugs
  A ribbon worm (D:4)
  An adder simulacrum (D:2)
  20 orcs
  A bat zombie (D:2)
  8 endoplasms
  4 giant cockroaches
  8 goblins
  6 hobgoblins (D:1)
  9 jackals
  11 kobolds
  2 quokkas
  7 ball pythons
  5 bats
  3 frilled lizards (D:1)
  A giant cockroach zombie (D:2)
  A jackal skeleton (D:2)
  A quokka zombie (D:2)
  7 rats
159 creatures vanquished.

Vanquished Creatures (others)
  438 foxfires
438 creatures vanquished.

Grand Total: 597 creatures vanquished

Notes
Turn   | Place    | Note
-------+----------+-------------------------------------------
     0 | D:1      | funkygono the Deep Elf Fire Elementalist began the quest
                  | for the Orb.
     0 | D:1      | Reached XP level 1. HP: 10/10 MP: 6/6
   115 | D:1      | Found Erovaamour's Weapon Emporium.
   166 | D:1      | Reached XP level 2. HP: 15/15 MP: 5/8
   169 | D:1      | Learned a level 2 spell: Scorch
   625 | D:1      | Reached XP level 3. HP: 19/19 MP: 2/10
  1223 | D:2      | Noticed Natasha
  1228 | D:2      | Killed Natasha
  1229 | D:2      | Reached skill level 4 in Spellcasting
  1229 | D:2      | Reached XP level 4. HP: 24/24 MP: 1/12
  1315 | D:2      | Identified the +5 ring mail of Goaloh {Harm Fly rPois
                  | Str-3}
  1376 | D:2      | Identified the +12 dagger of Heuv {pain, Will+ Str+2}
  1385 | D:2      | Learned a level 4 spell: Flame Wave
  1387 | D:2      | Learned a level 1 spell: Necrotise
  1529 | D:2      | Noticed Natasha
  1544 | D:2      | Killed Natasha
  2032 | D:2      | Reached XP level 5. HP: 28/28 MP: 10/13
  2037 | D:2      | Noticed Natasha
  2040 | D:2      | Killed Natasha
  2656 | D:3      | Reached skill level 5 in Spellcasting
  2718 | D:3      | Found Voqojel's Jewellery Shoppe.
  2771 | D:3      | Identified the +2 robe of Miracles {rF- Slay+4 SInv Stlth+}
  3073 | D:4      | Reached skill level 5 in Fire Magic
  3514 | D:4      | Reached XP level 6. HP: 28/32 MP: 6/16
  3766 | D:4      | Reached skill level 1 in Necromancy
  3897 | D:4      | Reached skill level 6 in Spellcasting
  4126 | D:5      | Entered Level 5 of the Dungeon
  4139 | D:5      | Reached XP level 7. HP: 36/36 MP: 5/18
  4233 | D:5      | Found Gianiwn's Book Boutique.
  4249 | D:5      | Found a staircase to the Ecumenical Temple.
  4263 | Temple   | Entered the Ecumenical Temple
  4330 | Temple   | Became a worshipper of Sif Muna the Loreminder
  5298 | D:6      | Reached skill level 7 in Spellcasting
  5565 | D:6      | Noticed Sigmund
  5571 | D:6      | Killed Sigmund
  5572 | D:6      | Reached skill level 8 in Spellcasting
  5572 | D:6      | Reached XP level 8. HP: 32/41 MP: 17/22
  6292 | D:7      | Reached skill level 9 in Spellcasting
  6489 | D:7      | Reached * piety under Sif Muna
  6784 | D:7      | Identified the +1 hand axe of the Elven Halls {antimagic,
                  | rC+ Will+}
  6904 | D:8      | Noticed Psyche
  6912 | D:8      | Killed Psyche
  6913 | D:8      | Reached skill level 10 in Spellcasting
  6913 | D:8      | Reached XP level 9. HP: 38/45 MP: 12/25
  6937 | D:8      | Noticed Maurice
  6946 | D:8      | Killed Maurice
  7121 | D:8      | Reached skill level 5 in Conjurations
  7265 | D:8      | Noticed Grum
  7276 | D:8      | HP: 2/45 [wolf[Grum] (3)]
  7322 | D:8      | Reached skill level 1 in Invocations
  7570 | D:8      | Noticed Pikel
  7586 | D:8      | Reached skill level 11 in Spellcasting
  7589 | D:8      | Killed Pikel
  7596 | D:8      | Slain by a wyvern

Illustrated notes

Levels and vault maps discovered:
D:1:      reono_arrival_mine, layout_loops_ring, serial_shops, shop
D:2:      layout_basic, dilly_guarded_unrand_morg, uniq_natasha
D:3:      layout_basic, serial_shops, nicolae_shop_back_alley_shop
D:4:      layout_basic
D:5:      layout_basic, minmay_temple_entry_glass, serial_shops,
          nicolae_stop_n_shop_2
D:6:      layout_rooms, due_unseen_surprise, uniq_sigmund
D:7:      minmay_spotlight, layout_basic, serial_corexii_hall,
          corexii_hall_statues_x, corexii_hall_statues_x
D:8:      layout_rooms, uniq_pikel, uniq_grum, uniq_psyche, uniq_maurice
Temple:   minmay_crystal_spiral_temple

Skill      XL: |  1  2  3  4  5  6  7  8  9 |
---------------+----------------------------+-----
Fire Magic     | 4 5 6 8 9 |  9.2
Stealth        | 3 4 |  4.1
Spellcasting   | 4 5 6 8 10 11 | 11.5
Conjurations   | 2 3 4 5 |  5.6
Necromancy     | 1 2 3 |  3.2
Dodging        | 3 |  3.7
Invocations    | 1 |  1.3
Fighting       | |  0.8
Short Blades   | |  0.7
Shields        | |  0.4

Action                     |  1- 3 |  4- 6 |  7- 9 || total
---------------------------+-------+-------+-------++-------
  Melee: Short sword       |     1 |       |       ||     1
         Dagger            |     1 |    23 |    15 ||    39
   Cast: Foxfire           |    59 |    61 |   132 ||   252
         Scorch            |     8 |    21 |    24 ||    53
         Necrotise         |       |    22 |     6 ||    28
         Flame Wave        |       |       |     5 ||     5
 Invoke: Channel Magic     |       |       |     2 ||     2
    Use: Scroll            |       |     8 |     9 ||    17
   Stab: Sleeping          |       |     5 |       ||     5
 Armour: Robe              |     3 |    23 |    46 ||    72
  Dodge: Dodged            |     3 |    18 |    39 ||    60
  Block: Other             |       |    13 |       ||    13

Table legend: (Time is in decaauts)
 A = Elapsed time spent in this place.
 B = Non-inter-level travel time spent in this place.
 C = Inter-level travel time spent in this place.
 D = Time resting spent in this place.
 E = Time spent auto-exploring this place.
 F = Levels seen in this place.
 G = Mean time per level.
                   A        B        C        D        E       F      G
               +--------+--------+--------+--------+--------+-----+--------+
         Total |   7591 |   7331 |    260 |    260 |   5905 |   9 |  843.4 |
       Dungeon |   7469 |   7268 |    201 |    260 |   5905 |   8 |  933.6 |
        Temple |    121 |     63 |     58 |      0 |      0 |   1 |  121.0 |
               +--------+--------+--------+--------+--------+-----+--------+

Top non-repeatable levels by time:
     D:2: 1255 daAuts
     D:4: 1112 daAuts
     D:1: 1061 daAuts
     D:7: 957 daAuts
     D:5: 904 daAuts
     D:6: 783 daAuts
     D:8: 701 daAuts
     D:3: 693 daAuts
  Temple: 121 daAuts
